 Dungeon Crawl Stone Soup version 0.21-a0-111-g52d2817 (webtiles) character file.

3059 Ponkle the Covert (level 9, 0/57 HPs)
             Began as a Vampire Necromancer on July 12, 2017.
             Was a Follower of Ashenzari.
             Slain by a vampire (9 damage)
             ... on level 9 of the Dungeon.
             The game lasted 01:47:10 (8187 turns).

Ponkle the Covert (Vampire Necromancer)             Turns: 8187, Time: 01:47:10

Health: 0/57       AC:  7    Str:  7    XL:     9   Next: 57%
Magic:  14/18      EV: 20    Int: 21    God:    Ashenzari [*.....]
Gold:   285        SH:  0    Dex: 14    Spells: 8/20 levels left

rFire    . . .     SeeInvis +   l - +3 quarterstaff (chaos)
rCold    . . .     Gourm    .   (shield currently unavailable)
rNeg     + . .     Faith    +   a - +2 robe
rPois    .         Spirit   .   (no helmet)
rElec    .         Reflect  .   m - -1 cloak (curse)
rCorr    .         Harm     .   (no gloves)
MR       .....                  (no boots)
Stlth    +++++.....             u - amulet of faith
HPRegen  0.19/turn              q - +4 ring of evasion
MPRegen  0.16/turn              p - +3 ring of protection

@: no status effects
A: fangs 3, see invisible, unbreathing
a: Bat Form, Curse Item, Scrying, Renounce Religion


You were on level 9 of the Dungeon.
You worshipped Ashenzari.
Ashenzari was aware of your devotion.
You were not thirsty.

You visited 1 branch of the dungeon, and saw 10 of its levels.

You collected 285 gold pieces.

Inventory:

Hand Weapons
 e - a +0 dagger
 l - a +3 quarterstaff of chaos (weapon)
Armour
 a - a +2 robe (worn)
 k - a +0 cloak
 m - a cursed -1 cloak (worn)
Magical Staves
 g - an uncursed staff of summoning
Jewellery
 f - an uncursed ring of flight
 p - a +3 ring of protection (right hand)
 q - a +4 ring of evasion (left hand)
 u - an amulet of faith (around neck)
Wands
 A - a wand of confusion (44/48)
Scrolls
 c - a scroll of enchant weapon {unknown}
 n - a scroll of recharging
 s - 2 scrolls of remove curse
 w - a scroll of vulnerability {unknown}
 y - 2 scrolls of amnesia
 z - 2 scrolls of holy word {unknown}
Potions
 d - 3 potions of cancellation
 h - a potion of haste
 j - a potion of experience {unknown}
 o - 2 potions of might
 r - a potion of magic {unknown}
 t - a potion of resistance {unknown}
 v - a potion of brilliance {unknown}
Books
 b - a book of Necromancy

   Spells                             Type                      Level
   a - Pain                           Necromancy                   1
   b - Animate Skeleton               Necromancy                   1
   c - Vampiric Draining              Necromancy                   3
   d - Regeneration                   Charms/Necromancy            3
   e - Animate Dead                   Necromancy                   4
   f - Control Undead                 Necromancy                   4
 x - a book of Debilitation

   Spells                             Type                      Level
   a - Corona                         Hexes                        1
   b - Slow                           Hexes                        2
   c - Inner Flame                    Hexes/Fire                   3
   d - Portal Projectile              Hexes/Translocation          3
   e - Cause Fear                     Hexes                        4
   f - Leda's Liquefaction            Hexes/Earth                  4


   Skills:
 - Level 0.7 Short Blades
 - Level 0.1 Staves
 + Level 7.4 Dodging
 + Level 10.5 Stealth
 + Level 6.2 Spellcasting
 + Level 9.1 Necromancy


You had 8 spell levels left.
You knew the following spells:

 Your Spells              Type           Power        Failure   Level  Hunger
a - Pain                  Necr           ####         1%          1    None
b - Vampiric Draining     Necr           #####.....   1%          3    #......
c - Animate Dead          Necr           N/A          2%          4    ###....
d - Control Undead        Necr           #####.....   2%          4    ###....


Dungeon Overview and Level Annotations

Branches:
Dungeon (10/15)            Temple (0/1) D:7
   Lair: D:8-11         Orc: D:9-12

Altars:
Ashenzari
Cheibriados
Makhleb
Trog
Xom
The Shining One

Annotations:
D:3 Trees's ghost, amateur OpFi
D:9 Pikel
D:10 Erolcha


Innate Abilities, Weirdness & Mutations

You have razor-sharp teeth.
You have supernaturally acute eyesight. (SInv)
You can survive without breathing.


Message History

Aiming: Confuse (will waste charges)
Press: ? - help, Shift-Dir - straight line, f/p - vampire
Aim: a vampire (lightly damaged, chance to defeat MR: 28%)
The vampire easily resists.
Evoking this partially-identified wand wasted a few charges.
The vampire misses you. The vampire bites you!
* * * LOW HITPOINT WARNING * * *
Your worker ant zombie bites the vampire.
You hit the vampire but do no damage.
The vampire is moderately damaged.
The vampire completely misses you. x2
Your worker ant zombie bites the vampire but does no damage.
That item cannot be evoked!
Press: ? - help, v - describe, . - travel
Here: a vampire (moderately damaged)
The floor, spattered with blood.
Casting: Animate Dead
Confirm with . or Enter, or press ? or * to list all spells.
The vampire resists with some effort.
The vampire hits you!
You die...

##..?.# #.########.
#####.....###.....####.
#..........VZ...#...... .#
#.# #.###...##.##...#...##.
/# #.# #...##....#####.†.. .#
#.# #...##..#...#...##. .#
#.# #Z..##..###.#.##### >#
#.# ###.###V..##..# #...# .#
#.#<........@.##..# ##.##
.####.#.###.###.>.##..####.#
........# #.###............#
........# #...........######
}####..########...###.# ##
#.............###.###########
#.......###....##.##.........
#########.# #..#........
###### ##...## #.#
##...#####.#


You could see a vampire and a friendly worker ant zombie.

Vanquished Creatures
  A hippogriff (D:9)
  A hungry ghost (D:8)
  2 ice beasts
  2 phantoms
  2 necrophages
  2 ogres
  A wolf (D:9)
  A centaur (shapeshifter) (D:7)
  2 centaurs
  4 bullfrogs
  Dowan (D:7)
  7 scorpions
  A killer bee (D:9)
  4 wights (D:6)
  3 howler monkeys
  Crazy Yiuf (D:2)
  3 orc priests
  A quasit (D:6)
  2 bullfrog skeletons
  2 hounds
  4 iguanas
  4 orc wizards
  3 worker ants
  A hound zombie (D:6)
  2 howler monkey skeletons
  9 adders
  3 shadow imps
  3 oozes
  An adder zombie (D:4)
  3 worms
  A leopard gecko (D:4)
  17 orcs
  A ball python (D:5)
  5 giant cockroaches
  4 goblins
  2 hobgoblins
  3 jackals (D:3)
  2 quokkas
  A bat (D:2)
  2 frilled lizards
  A jackal zombie (D:6)
  2 kobolds (D:3)
  A leopard gecko zombie (D:6)
  A quokka skeleton (D:9)
  4 rats
123 creatures vanquished.

Vanquished Creatures (others)
  An orc warrior (D:6)
  An orc priest (D:6)
  A hound (D:6)
  2 worker ants (D:6)
  An orc (D:6)
6 creatures vanquished.

Grand Total: 129 creatures vanquished

Notes
Turn   | Place    | Note
-------+----------+-------------------------------------------
     0 | D:1      | Ponkle the Vampire Necromancer began the quest for the Orb.
     0 | D:1      | Reached XP level 1. HP: 13/13 MP: 3/3
   354 | D:1      | You fall through a shaft!
   354 | D:2      | Found a snail-covered altar of Cheibriados.
   450 | D:2      | Found a runed door.
   454 | D:2      | Noticed Crazy Yiuf
   470 | D:2      | Killed Crazy Yiuf
   470 | D:2      | Reached skill level 5 in Necromancy
   470 | D:2      | Reached XP level 2. HP: 4/19 MP: 0/5
   470 | D:2      | Reached XP level 3. HP: 5/24 MP: 0/6
   683 | D:3      | Found a bloodstained altar of Trog.
   877 | D:3      | Learned a level 3 spell: Vampiric Draining
  1027 | D:3      | Reached XP level 4. HP: 26/30 MP: 1/7
  1373 | D:3      | Found a burning altar of Makhleb.
  1373 | D:3      | Noticed a blizzard demon
  1379 | D:3      | Noticed a hellwing
  1379 | D:3      | Noticed a smoke demon
  1392 | D:3      | Noticed Trees's ghost (amateur OpFi)
  1445 | D:4      | Reached skill level 4 in Stealth
  1445 | D:4      | Reached XP level 5. HP: 3/35 MP: 2/9
  1913 | D:4      | Reached skill level 5 in Stealth
  1913 | D:4      | Reached XP level 6. HP: 40/41 MP: 5/10
  2086 | D:4      | Found a glowing golden altar of the Shining One.
  2299 | D:5      | Entered Level 5 of the Dungeon
  2518 | D:5      | Found a shattered altar of Ashenzari.
  2540 | D:5      | Became a worshipper of Ashenzari the Shackled
  2603 | D:5      | Reached XP level 7. HP: 38/46 MP: 7/12
  2785 | D:5      | Reached skill level 6 in Stealth
  2822 | D:5      | Learned a level 4 spell: Animate Dead
  3535 | D:6      | Reached skill level 7 in Stealth
  3554 | D:6      | Found a shimmering altar of Xom.
  4061 | D:6      | Reached skill level 5 in Dodging
  4061 | D:6      | Reached XP level 8. HP: 24/52 MP: 14/14
  4979 | D:7      | Reached skill level 8 in Stealth
  5217 | D:7      | Noticed Dowan
  5226 | D:7      | Noticed Duvessa
  5230 | D:7      | Duvessa changed into Duvessa the centaur
  5238 | D:7      | Reached skill level 5 in Spellcasting
  5239 | D:7      | Killed Dowan
  5701 | D:7      | Found a staircase to the Ecumenical Temple.
  5777 | D:8      | Reached skill level 9 in Stealth
  6120 | D:8      | Reached * piety under Ashenzari
  6182 | D:8      | Reached XP level 9. HP: 22/57 MP: 17/17
  7165 | D:9      | Noticed Pikel
  7257 | D:9      | Reached skill level 10 in Stealth
  7411 | D:9      | Learned a level 4 spell: Control Undead
  8181 | D:10     | Entered Level 10 of the Dungeon
  8181 | D:10     | Noticed Erolcha
  8187 | D:9      | Slain by a vampire

Vault maps used:
D:1:      shiori_shiawase, hangedman_glass_garden
D:2:      old_standard_altar, first_bread, okawaru_altar_gauntlet_db,
          uniq_crazy_yiuf_cottage
D:3:      makhleb_altar_promises_db, serial_curves, eino_curves_02,
          eino_curves_03, eino_curves_03, trog_book
D:4:      wad_lake_hut, tso_altar
D:5:      ashenzari_conservatory_becter
D:6:      xom_confusion_cloud
D:7:      minmay_temple_entry_from_below_b, uniq_duvessa
D:8:      minitemple, serial_glass, glass_columns_b, glass_columns_c
D:9:      uniq_pikel
D:10:     serial_shops, shop, uniq_fannar, uniq_erolcha

Skill      XL: |  1  2  3  4  5  6  7  8  9 |
---------------+----------------------------+-----
Necromancy     | 5 6 7 8 9 |  9.1
Dodging        | 3 4 5 6 7 |  7.4
Stealth        | 4 5 7 9 10 | 10.5
Spellcasting   | 3 4 5 6 |  6.2
Short Blades   | |  0.7
Staves         | |  0.1

Action                   |  1- 3 |  4- 6 |  7- 9 || total
-------------------------+-------+-------+-------++-------
Melee: Dagger            |     8 |       |       ||     8
       Quarterstaff      |     2 |    49 |   294 ||   345
       Bite              |       |     4 |    21 ||    25
 Cast: Pain              |    41 |    48 |   113 ||   202
       Animate Dead      |       |       |     2 ||     2
       Control Undead    |       |       |     1 ||     1
Evoke: Wand              |       |       |     2 ||     2
  Use: Potion            |     5 |     3 |    13 ||    21
       Scroll            |     3 |     3 |    15 ||    21
 Stab: Confused          |       |     1 |     1 ||     2
       Paralysed         |       |       |     5 ||     5
       Sleeping          |       |       |     4 ||     4
  Eat: Corpse            |     6 |     6 |    14 ||    26
Armor: Skin              |     4 |       |       ||     4
       Robe              |     2 |     8 |    61 ||    71
Dodge: Dodged            |     9 |    36 |   405 ||   450
